 Dungeon Crawl Stone Soup version 0.29.1-1-gd02db6906a (webtiles) character file.

Game seed: 5033263101002912667

1372 EvilAshe the Slasher (level 8, 0/64 HPs)
             Began as a Human Fighter on Sept 27, 2022.
             Slain by a lemure (4 damage)
             ... led by Pikel
             ... on level 5 of the Dungeon.
             The game lasted 00:15:00 (8242 turns).

EvilAshe the Slasher (Human Fighter)                Turns: 8242, Time: 00:15:00

Health: 0/64       AC: 15    Str: 24    XL:     8   Next: 98%
Magic:  8/8        EV:  7    Int:  9    God:
Gold:   328        SH:  0    Dex: 13    Spells: 7/7 levels left

rFire   . . .      SeeInvis .   a - +0 long sword
rCold   + + .      Faith    .   c - +0 buckler
rNeg    . . .      Spirit   .   y - +4 chain mail {rC+}
rPois   .          Reflect  +   (no helmet)
rElec   .          Harm     .   (no cloak)
rCorr   .          Rampage  .   (no gloves)
Will    .....                   f - +0 pair of boots
Stlth   ..........              B - amulet of reflection
HPRegen 0.20/turn               g - +6 ring of strength
MPRegen 0.11/turn               h - ring of protection from cold

@: confused
A: no striking features
a: no special abilities


You were on level 5 of the Dungeon.
You visited 1 branch of the dungeon, and saw 5 of its levels.

You collected 328 gold pieces.

Inventory:

Hand Weapons
 a - a +0 long sword (weapon)
Missiles
 e - 21 stones (quivered)
 l - 6 poisoned darts
Armour
 b - a +0 scale mail
 c - a +0 buckler (worn)
 f - a +0 pair of boots (worn)
 y - a +4 chain mail of cold resistance (worn)
Jewellery
 g - a +6 ring of strength (left hand)
 h - a ring of protection from cold (right hand)
 m - a ring of resist corrosion
 n - an amulet of magic regeneration
 r - a +6 ring of intelligence
 w - a ring of wizardry
 B - an amulet of reflection (around neck)
Wands
 d - a wand of charming (8)
Scrolls
 o - a scroll of vulnerability
 q - a scroll of brand weapon
 s - 2 scrolls of teleportation {unknown}
 u - 2 scrolls of fear {unknown}
 v - 3 scrolls of poison
 x - a scroll of enchant armour {unknown}
 z - a scroll of amnesia {unknown}
 A - a scroll of fog {unknown}
Potions
 i - a potion of cancellation
 p - 2 potions of flight


   Skills:
 + Level 5.9 Fighting
 * Level 7.5 Long Blades
 + Level 5.9 Armour
 - Level 3.0 Shields


You had 7 spell levels left.
You didn't know any spells.
Your spell library contained the following spells:

 Spells                   Type           Power      Damage    Failure   Level
 Beastly Appendage        Tmut           0%         N/A       98%         1
 Magic Dart               Conj           0%         1d3       98%         1
 Shock                    Conj/Air       0%         1d3       98%         1
 Call Imp                 Summ           0%         N/A       99%         2
 Sublimation of Blood     Necr           0%         N/A       99%         2
 Wereblood                Tmut           0%         N/A       99%         2
 Conjure Flame            Conj/Fire      0%         6-21      100%        3
 Ignite Poison            Fire/Tmut/Pois 0%         N/A       100%        3
 Mephitic Cloud           Conj/Pois/Air  0%         N/A       100%        3
 Swiftness                Air            0%         N/A       100%        3
 Airstrike                Air            0%         2d(0-16)  100%        4
 Sticky Flame             Conj/Fire      0%         2d3       100%        4
 Blade Hands              Tmut           0%         N/A       100%        5
 Lightning Bolt           Conj/Air       0%         1d11      100%        5
 Summon Hydra             Summ           0%         N/A       100%        7


Dungeon Overview and Level Annotations

Branches:
Dungeon (5/15)
 Temple: D:4-7

Altars:
Dithmenos
Kikubaaqudgha
Trog
Uskayaw

Shops:
D:5 :[

Annotations:
D:5 Pikel


Message History

You bump into the rock wall.
The lemure hits you but does no damage. The lemure barely misses you.
The lemure closely misses you. Pikel blinks at you.
You are more confused.
You bump into the rock wall.
The lemure hits you but does no damage. The lemure hits you.
The lemure hits you but does no damage. Pikel blinks at you.
You are more confused.
You closely miss the lemure.
The lemure is severely wounded.
Pikel blinks!
The lemure hits you but does no damage. x3
The lemure barely misses you. The lemure hits you but does no damage.
The lemure closely misses you.
You bump into the rock wall.
The lemure hits you but does no damage. x3
You bump into the rock wall.
The lemure barely misses you.
The lemure hits you but does no damage. x2
You bump into the rock wall.
The lemure hits you but does no damage. x3
You hit the lemure.
The lemure is almost dead.
The lemure hits you.
* * * LOW HITPOINT WARNING * * *
The lemure hits you.
* * * LOW HITPOINT WARNING * * *
The lemure hits you but does no damage.
You're too confused to move!
The lemure hits you.
* * * LOW HITPOINT WARNING * * *
The lemure barely misses you. The lemure hits you but does no damage.
You hit the lemure.
You kill the lemure!
That felt strangely unrewarding.
The lemure hits you but does no damage. The lemure barely misses you.
You bump into the rock wall.
The lemure hits you.
* * * LOW HITPOINT WARNING * * *
The lemure hits you.
* * * LOW HITPOINT WARNING * * *
You bump into the rock wall.
The lemure hits you.
* * * LOW HITPOINT WARNING * * *
The lemure hits you but does no damage. The lemure hits you.
You die...

###).#.......#.
##.'5.⌠8⌠..'.
###5.#.......#.
###.5############
####.5### ##.....#
#...### ###.....## #
#.### #......## #
#.5### #.#....#####
##5@G####.#...).....
###...........#####
#...........#####
#..........##....
#.............###
#....)..##.######
#.......##.#####[
#.............)<)
########.....###.


You could see 2 lemures and Pikel the golden eye.

Vanquished Creatures
  Sigmund (D:2)
  A water moccasin (D:4)
  Duvessa (D:4)
  2 black bears
  2 ogres
  A phantom (D:4)
  2 lemures
  Dowan (D:4)
  4 killer bees
  An orc priest (D:5)
  A hound (D:4)
  Jessica (D:2)
  Terence (D:2)
  An iguana (D:5)
  An orc wizard (D:5)
  4 gnolls
  6 adders
  A worm (D:2)
  5 dart slugs
  9 orcs
  9 ball pythons
  2 bat zombies (D:3)
  5 endoplasms
  5 giant cockroaches
  6 hobgoblins
  4 kobolds
  6 quokkas
  6 bats
  4 frilled lizards
  4 goblins
  3 rats
  2 rat zombies (D:3)
102 creatures vanquished.

Vanquished Creatures (others)
  A kobold (D:4)
1 creature vanquished.

Grand Total: 103 creatures vanquished

Notes
Turn   | Place    | Note
-------+----------+-------------------------------------------
     0 | D:1      | EvilAshe the Human Fighter began the quest for the Orb.
     0 | D:1      | Reached XP level 1. HP: 18/18 MP: 1/1
   120 | D:1      | Reached XP level 2. HP: 23/24 MP: 2/2
   583 | D:1      | Reached XP level 3. HP: 23/29 MP: 3/3
   731 | D:1      | Found a faded altar of an unknown god.
  1178 | D:2      | Reached skill level 3 in Long Blades
  1230 | D:2      | Found a shadowy altar of Dithmenos.
  1373 | D:2      | Noticed Terence
  1589 | D:3      | Got the Codex of Conflict and Shapeshifting
  1676 | D:3      | Reached XP level 4. HP: 17/35 MP: 4/4
  2517 | D:3      | Found an ancient bone altar of Kikubaaqudgha.
  2635 | D:4      | Reached XP level 5. HP: 39/42 MP: 5/5
  2726 | D:4      | Noticed a black bear
  2804 | D:3      | Reached skill level 4 in Long Blades
  3117 | D:3      | Killed a black bear
  3118 | D:3      | Reached XP level 6. HP: 28/48 MP: 6/6
  3367 | D:4      | Noticed Duvessa
  3800 | D:5      | Entered Level 5 of the Dungeon
  3803 | D:5      | Identified the +11 mace "Human's Peril" {speed, rPois}
  3849 | D:4      | Noticed Dowan
  4358 | D:2      | Killed Terence
  4671 | D:2      | Reached skill level 5 in Long Blades
  4732 | D:2      | Noticed Sigmund
  4736 | D:2      | Killed Sigmund
  4737 | D:2      | Reached XP level 7. HP: 55/55 MP: 7/7
  4865 | D:2      | Noticed Jessica
  4871 | D:2      | Killed Jessica
  5530 | D:4      | Killed Duvessa
  5531 | D:4      | Reached skill level 5 in Fighting
  5531 | D:4      | Reached skill level 6 in Long Blades
  5531 | D:4      | Reached skill level 5 in Armour
  5737 | D:4      | Reached XP level 8. HP: 6/62 MP: 8/8
  6294 | D:5      | Found Muofoep's Book Boutique.
  6381 | D:4      | Killed Dowan
  6781 | D:5      | Reached skill level 7 in Long Blades
  7330 | D:5      | Found Asosm's Antique Armour Emporium.
  7335 | D:5      | Found a hide-covered altar of Uskayaw.
  7359 | D:5      | Noticed Pikel
  7360 | D:5      | Found a bloodstained altar of Trog.
  7605 | D:5      | Noticed Pikel
  7605 | D:5      | Pikel changed into Pikel the golden eye
  8242 | D:5      | Slain by a lemure

Illustrated notes

Levels and vault maps discovered:
D:1:      dpeg_arrival_simpleton_b, layout_loops_cross,
          chequers_ecumenical_altar_twisty, hangedman_decor_opposing,
          minmay_misc_feat_four_crosses, st_stairs_11
D:2:      layout_basic, basic_altar, uniq_terence, uniq_sigmund, uniq_jessica
D:3:      layout_loops_cross, lemuel_zombie_altar_kikubaaqudgha,
          dreamdust_mushroom_princess
D:4:      kennysheep_big_flooded_room, layout_basic, minmay_misc_feat_rows,
          uniq_duvessa
D:5:      kennysheep_windowed_halls, layout_rooms, overflow_temple_1_default,
          lemuel_tele_altar, serial_shops, shop_coins, shop,
          grunt_decor_clamped, uniq_pikel

Skill      XL: |  1  2  3  4  5  6  7  8 |
---------------+-------------------------+-----
Long Blades    | 3 4 5 6 7 |  7.5
Fighting       | 4 5 |  5.9
Armour         | 4 5 |  5.9
Shields        | |  3.0

Action                   |  1- 3 |  4- 6 |  7- 9 || total
-------------------------+-------+-------+-------++-------
Melee: Long sword        |   131 |   172 |   269 ||   572
Throw: Stone             |     2 |     3 |     2 ||     7
       Dart              |       |     3 |    16 ||    19
Evoke: Wand              |       |     2 |     2 ||     4
  Use: Potion            |       |     6 |     4 ||    10
       Scroll            |       |       |     4 ||     4
Armor: Scale mail        |    67 |    94 |       ||   161
       Skin              |       |     2 |       ||     2
       Chain mail        |       |    10 |   256 ||   266
Dodge: Dodged            |    62 |    93 |   117 ||   272
Block: Buckler           |    34 |    40 |   103 ||   177
       Reflection        |       |       |     2 ||     2
